[Event "*** SCC Grand Prix: Titled Tuesday Blitz"]
[Site "Chess.com"]
[Date "2020.08.11"]
[Round "4"]
[White "KaspMagAlpha"]
[Black "WiktoriaPOL"]
[Result "0-1"]
[WhiteElo "2195"]
[BlackElo "1872"]
[TimeControl "180+1"]
[EndTime "10:37:21 PDT"]
[Termination "WiktoriaPOL won by checkmate"]

1. d4 Nf6 2. c4 g6 3. Nf3 Bg7 4. g3 O-O 5. Bg2 d6 6. O-O Bg4 7. Nc3 Nc6 8. h3 Bxf3 9. Bxf3 Nd7 10. e3 e5 11. d5 Ne7 12. e4 f5 13. Be3 f4 14. gxf4 exf4 15. Bd4 Ne5 16. Bg4 Nxg4 17. hxg4 f3 18. Bxg7 Kxg7 19. Qd4+ Kg8 20. Rfd1 Nc6 21.
dxc6 Qh4 22. Kf1 Qh1# 0-1

[Event "*** SCC Grand Prix: Titled Tuesday Blitz"]
[Site "Chess.com"]
[Date "2020.08.11"]
[Round "4"]
[White "kngopal"]
[Black "lelajavakhishvili"]
[Result "0-1"]
[WhiteElo "2185"]
[BlackElo "2410"]
[TimeControl "180+1"]
[EndTime "10:37:26 PDT"]
[Termination "lelajavakhishvili won by resignation"]

1. c4 Nf6 2. g3 g6 3. Bg2 Bg7 4. Nc3 O-O 5. Nf3 d6 6. d4 Nbd7 7. O-O e5 8. e3 c6 9. b3 Re8 10. dxe5 Nxe5 11. Nxe5 dxe5 12. Bb2 Bg4 13. Bf3 Qxd1 14.
Bxd1 Bh3 15. Re1 Rad8 16. Bf3 e4 17. Bg2 Bxg2 18. Kxg2 Rd2 19. Re2 Red8 20. Rae1 Ng4 21. Na4 Bxb2 22. Nxb2 Ne5 23. Na4 Nf3 24. Rxd2 Nxe1+ 25. Kf1 Rxd2 26. Kxe1 Rxa2 27. Nc3 Rb2 28. Nxe4 Rxb3 29.
Nc5 Rb2 0-1

[Event "*** SCC Grand Prix: Titled Tuesday Blitz"]
[Site "Chess.com"]
[Date "2020.08.11"]
[Round "4"]
[White "Diego_FloresQ"]
[Black "manuellarrea"]
[Result "1-0"]
[WhiteElo "2471"]
[BlackElo "2232"]
[TimeControl "180+1"]
[EndTime "10:37:27 PDT"]
[Termination "Diego_FloresQ won on time"]

1. e4 c5 2. Nf3 Nc6 3. d4 cxd4 4.
Nxd4 Nf6 5. Nc3 e5 6. Ndb5 d6 7. Bg5 a6 8. Na3 b5 9. Nd5 Be7 10. Bxf6 Bxf6 11. c3 Rb8 12. Nc2 Bg5 13. Be2 O-O 14.
Bg4 Be6 15. Nce3 Bxe3 16. Nxe3 Qd7 17. O-O g6 18. Bxe6 fxe6 19. g3 Rbd8 20. Qg4 Qf7 21. a4 1-0

[Event "*** SCC Grand Prix: Titled Tuesday Blitz"]
[Site "Chess.com"]
[Date "2020.08.11"]
[Round "4"]
[White "tvjosue"]
[Black "Evgeny81"]
[Result "1-0"]
[WhiteElo "2525"]
[BlackElo "2713"]
[TimeControl "180+1"]
[EndTime "10:37:39 PDT"]
[Termination "tvjosue won by resignation"]

1. d4 Nf6 2. Nf3 d5 3. c3 Bf5 4.
Qb3 Qc8 5. Bf4 e6 6. Nbd2 Nbd7 7. Rc1 h6 8. e3 Be7 9. c4 c6 10. h3 O-O 11. Be2 Bd8 12. O-O Bc7 13. Bxc7 Qxc7 14.
Qc3 Rfe8 15. b4 Ne4 16. Qb2 Nxd2 17. Nxd2 Qd6 18. a4 a5 19. b5 c5 20. cxd5 exd5 21. dxc5 Nxc5 22. Qa3 b6 23. Nf3 Qg6 24. Nh4 Qf6 25.
Nxf5 Qxf5 26. Rfd1 Rac8 27. Bg4 Qe5 28. Bxc8 Rxc8 29.
Rd4 Rd8 30. Rxc5 bxc5 31. Qxc5 Qf5 32. e4 Qe5 33. Rxd5 Rxd5 34. Qxd5 Qa1+ 35. Kh2 Qxa4 36. b6 Qb4 37. b7 Qb6 38. Qd7 Kh7 39. Qf5+ Kg8 40.
Qc8+ 1-0

[Event "*** SCC Grand Prix: Titled Tuesday Blitz"]
[Site "Chess.com"]
[Date "2020.08.11"]
[Round "4"]
[White "FeketeBarika"]
[Black "Sashadav97"]
[Result "1-0"]
[WhiteElo "2199"]
[BlackElo "2568"]
[TimeControl "180+1"]
[EndTime "10:37:45 PDT"]
[Termination "FeketeBarika won by resignation"]

1. Nf3 d5 2. g3 Nf6 3. Bg2 c5 4. O-O e6 5. c4 Nc6 6. cxd5 exd5 7.
d4 cxd4 8. Nxd4 Bc5 9. Nb3 Bb6 10. Bg5 d4 11. Na3 h6 12. Bf4 O-O 13. Nb5 a6 14.
Bxc6 bxc6 15. N5xd4 c5 16. Nc6 Qe8 17. Qd6 Qe6 18.
Ne7+ Kh8 19. Nxc8 Raxc8 20. Qxe6 fxe6 21. Rac1 c4 22. Nd2 e5 23. Bxe5 Ng4 24. Nf3 Rxf3 25. Bxg7+ Kxg7 26. exf3 Ne5 27. f4 Nd3 28. Rc2 Re8 29.
Rxc4 Re2 30. Kg2 Nxf2 31. Kf3 Rxb2 32. Rc6 Nd3 33. h3 h5 34. Rd1 Nc5 35. Rdd6 Na4 36. Rd7+ 1-0

[Event "*** SCC Grand Prix: Titled Tuesday Blitz"]
[Site "Chess.com"]
[Date "2020.08.11"]
[Round "4"]
[White "anskam"]
[Black "GoldenShare"]
[Result "0-1"]
[WhiteElo "1537"]
[BlackElo "2504"]
[TimeControl "180+1"]
[EndTime "10:37:45 PDT"]
[Termination "GoldenShare won by checkmate"]

1. e4 c5 2. Nf3 d6 3. d4 cxd4 4. Nxd4 Nf6 5. Nc3 Nc6 6. Be3 Ng4 7. Bc1 Qb6 8. Nce2 e5 9. h3 Nxf2 10. Kxf2 exd4 11. Qd3 Be6 12. b3 d5 13. exd5 Nb4 14. Bb2 Nxd3+ 15. cxd3 Bxd5 16. Bxd4 Bc5 17. Bxc5 Qxc5+ 18. d4 Qd6 19. Rg1 O-O 20. g3 Rfe8 21. Nf4 Rac8 22. Bd3 Be4 23. Bc4 Qxd4+ 24. Kf1 Qxa1+ 25. Kf2 Qd4+ 26. Kf1 Rxc4 27. bxc4 Bd3+ 28. Kg2 Qb2+ 29. Kf3 Be4+ 30. Kg4 f5+ 31. Kh4 Qf6+ 32. Kh5 Qh6# 0-1

[Event "*** SCC Grand Prix: Titled Tuesday Blitz"]
[Site "Chess.com"]
[Date "2020.08.11"]
[Round "4"]
[White "OparinGrigoriy"]
[Black "RobertoJBM"]
[Result "1-0"]
[WhiteElo "2940"]
[BlackElo "2713"]
[TimeControl "180+1"]
[EndTime "10:37:47 PDT"]
[Termination "OparinGrigoriy won by resignation"]

1. d4 d5 2. c4 c6 3. Nf3 Nf6 4. e3 Bf5 5. Bd3 Bxd3 6. Qxd3 e6 7. O-O Nbd7 8. b3 Bd6 9. Bb2 Qe7 10. Nbd2 Ba3 11.
Bc3 Bb4 12. Bxb4 Qxb4 13. a3 Qe7 14. b4 O-O 15. Rab1 a5 16. b5 c5 17. cxd5 Nxd5 18.
e4 Nf4 19. Qe3 Ng6 20. Rfc1 Rac8 21. d5 exd5 22. exd5 Qxe3 23. fxe3 Nge5 24. b6 c4 25. Rc3 Rc5 26. e4 f5 27. Rd1 Nxf3+ 28. gxf3 Nxb6 29. Rb1 Rf6 30. Rbc1 fxe4 31. fxe4 Rb5 32. Nxc4 Nxc4 33.
Rxc4 Rb2 34. R4c2 Rb3 35. e5 Rf5 36. Re2 Rxa3 37. e6 Kf8 38. d6 1-0

[Event "*** SCC Grand Prix: Titled Tuesday Blitz"]
[Site "Chess.com"]
[Date "2020.08.11"]
[Round "4"]
[White "AlanZhang"]
[Black "Lagravesamuell"]
[Result "0-1"]
[WhiteElo "2179"]
[BlackElo "2606"]
[TimeControl "180+1"]
[EndTime "10:37:47 PDT"]
[Termination "Lagravesamuell won by resignation"]

1. e4 Nf6 2. e5 Nd5 3. d4 d6 4. Nf3 g6 5. Be2 Bg7 6. exd6 cxd6 7. O-O O-O 8. c4 Nb6 9. Nc3 Bg4 10. b3 d5 11. c5 Nc8 12. Bf4 Nc6 13. Nb5 a6 14. Nc3 Bxf3 15. Bxf3 e6 16. Be3 N8e7 17. g4 f5 18. Ne2 fxg4 19. Bxg4 Nf5 20. Bxf5 Rxf5 21. f4 Qh4 22. Ng3 Rf7 23. Qd3 Raf8 24. Rae1 Bh6 25. Rf2 Bxf4 26. Bxf4 Rxf4 27. Rxf4 Qxf4 28.
Rf1 Qxd4+ 29. Qxd4 Nxd4 30. Rxf8+ Kxf8 31. Kf2 Ke7 32. Ke3 Nc6 33. Kd3 e5 0-1

[Event "*** SCC Grand Prix: Titled Tuesday Blitz"]
[Site "Chess.com"]
[Date "2020.08.11"]
[Round "4"]
[White "BjarkeSahl"]
[Black "AlexSuv"]
[Result "0-1"]
[WhiteElo "2284"]
[BlackElo "2500"]
[TimeControl "180+1"]
[EndTime "10:37:48 PDT"]
[Termination "AlexSuv won on time"]

1. e4 c5 2. Nf3 e6 3. c3 Nf6 4.
e5 Nd5 5. d4 cxd4 6. cxd4 d6 7.
Nc3 Nxc3 8. bxc3 Qc7 9. Bd2 Nd7 10. exd6 Bxd6 11. Bd3 b6 12. O-O Bb7 13. Re1 O-O 14.
Ng5 h6 15. Ne4 Bxh2+ 16. Kh1 Bf4 17. Be3 f5 18. Nd2 Rae8 19. Nc4 Bxe3 20. Rxe3 f4 21.
Rh3 f3 22. g3 e5 23. dxe5 Nxe5 24. Nxe5 Qxe5 25. Qb3+ Kh8 26. Rf1 Qe6 27. Qxe6 Rxe6 28.
Rh4 Rc8 29. c4 Rd8 30. Bf5 Re5 31. Bc2 Rd2 0-1

[Event "*** SCC Grand Prix: Titled Tuesday Blitz"]
[Site "Chess.com"]
[Date "2020.08.11"]
[Round "4"]
[White "natelleka"]
[Black "MF1966Idrisov"]
[Result "0-1"]
[WhiteElo "2092"]
[BlackElo "2381"]
[TimeControl "180+1"]
[EndTime "10:37:53 PDT"]
[Termination "MF1966Idrisov won by checkmate"]

1. e4 c5 2. Nf3 d6 3. d4 cxd4 4. Nxd4 a6 5. Nc3 g6 6. Be2 Bg7 7. O-O Nc6 8. Nb3 Nf6 9. Re1 O-O 10. Bf1 b5 11. Bg5 Bb7 12. Nd5 Re8 13. Nxf6+ exf6 14. Bh4 Qb6 15. Qd2 Ne5 16. Qa5 Qa7 17. Rad1 Nc4 18. Qc7 Rac8 19. Qd7 Qb6 20. Bxc4 bxc4 21. Rxd6 Qb4 22.
Nd4 Qxe1# 0-1

[Event "*** SCC Grand Prix: Titled Tuesday Blitz"]
[Site "Chess.com"]
[Date "2020.08.11"]
[Round "4"]
[White "praveenb2002"]
[Black "warmoatmeal"]
[Result "1-0"]
[WhiteElo "2742"]
[BlackElo "2340"]
[TimeControl "180+1"]
[EndTime "10:37:55 PDT"]
[Termination "praveenb2002 won by resignation"]

1. d4 Nf6 2. c4 e6 3. Nc3 Bb4 4. Qc2 d6 5. a3 Bxc3+ 6. Qxc3 Nbd7 7. Nf3 b6 8. g3 Bb7 9. Bg2 O-O 10. O-O c5 11. b4 cxd4 12. Qxd4 Qc7 13. Bb2 Rac8 14. Rac1 Rfd8 15. Rfd1 Qb8 16. Qxd6 Qa8 17. Qf4 h6 18. h4 e5 19. Bxe5 Nxe5 20. Qxe5 Re8 21. Qb2 Ne4 22. Nd4 Rcd8 23. Nf5 f6 24.
Bf3 Qc8 25. Rxd8 Qxd8 26. c5 Re5 27. c6 Bc8 28. c7 Qe8 29. Bxe4 Rxe4 30. Nd6 Rxe2 31.
Nxe8 Rxb2 32. Nd6 1-0

[Event "*** SCC Grand Prix: Titled Tuesday Blitz"]
[Site "Chess.com"]
[Date "2020.08.11"]
[Round "4"]
[White "Grineva_Marianna"]
[Black "PowerThinking2650"]
[Result "1-0"]
[WhiteElo "2211"]
[BlackElo "2438"]
[TimeControl "180+1"]
[EndTime "10:37:57 PDT"]
[Termination "Grineva_Marianna won by resignation"]

1. e4 e5 2. Nf3 Nc6 3. Bb5 a6 4. Ba4 Nf6 5. O-O Be7 6. Re1 b5 7. Bb3 d6 8. c3 O-O 9. d4 Re8 10. h3 Bf8 11. d5 Nb8 12. Nbd2 h6 13. Nf1 Bb7 14. a4 Nbd7 15. Qe2 c6 16. dxc6 Bxc6 17.
Ng3 Nc5 18. Bc2 bxa4 19. Rd1 g6 20. Be3 Qc7 21. Bxc5 dxc5 22. Bxa4 a5 23. Bb3 Rab8 24. Bc4 a4 25. Bd5 Nxd5 26. exd5 Bb5 27. c4 Bd7 28.
Ne4 Bg7 29. Nc3 f5 30. Nxa4 e4 31. Nd2 Bxa4 32. Rxa4 Rxb2 33. Rb1 Ra8 34. Rxa8+ 1-0

[Event "*** SCC Grand Prix: Titled Tuesday Blitz"]
[Site "Chess.com"]
[Date "2020.08.11"]
[Round "4"]
[White "DinaBelenkaya"]
[Black "Alexander_Moskalenko"]
[Result "0-1"]
[WhiteElo "2342"]
[BlackElo "2837"]
[TimeControl "180+1"]
[EndTime "10:37:57 PDT"]
[Termination "Alexander_Moskalenko won by checkmate"]

1. e4 Nc6 2. Nf3 Nb8 3. d4 Nf6 4. e5 Ng8 5. Nc3 e6 6. Bd3 d5 7. exd6 cxd6 8. O-O Nf6 9. Bg5 Be7 10. Qd2 d5 11.
Ne5 Nc6 12. Ne2 h6 13. Bf4 Nd7 14. Qe3 Ndxe5 15. dxe5 Bg5 16. c3 Bd7 17. Qg3 Rc8 18. h4 Bxf4 19. Qxg7 Bxe5 20. Qg4 h5 21. Qf3 Qxh4 22.
g3 Qg4 23. Qg2 Bd6 24. f3 Qg7 25. Rae1 h4 26. g4 h3 27. Qf2 Qg5 28. Kh1 Qh4 29.
Qxh4 Rxh4 30. Rg1 Ke7 31. f4 Rg8 32. g5 Bxf4 33. Nxf4 Rxf4 34. Kh2 Rf2+ 35. Kxh3 Rf3+ 36. Rg3 Rxg3+ 37. Kxg3 Rxg5+ 38. Kf4 Rg8 39. Kf3 e5 40. Bc2 f5 41. b4 f4 42. Rh1 Rg3+ 43. Kf2 Rxc3 44.
Rh7+ Kd8 45. Bg6 Nd4 46. Rh8+ Kc7 47. Rh7 Kd6 48. Rh6 Be6 49. Bf7 e4 50. Bg8 Rc2+ 51. Ke1 f3 52. Bxe6 Re2+ 53. Kf1 Nxe6 54. Rh7 d4 55.
Rxb7 d3 56. Rb8 d2 57. Rd8+ Nxd8 58. b5 d1=Q# 0-1

[Event "*** SCC Grand Prix: Titled Tuesday Blitz"]
[Site "Chess.com"]
[Date "2020.08.11"]
[Round "4"]
[White "Harsha_Bharathakoti"]
[Black "Anuar_Is"]
[Result "0-1"]
[WhiteElo "2844"]
[BlackElo "2701"]
[TimeControl "180+1"]
[EndTime "10:37:59 PDT"]
[Termination "Anuar_Is won by resignation"]

1. d4 Nf6 2. c4 g6 3. Nc3 Bg7 4. e4 d6 5. f3 O-O 6. Nge2 c5 7. d5 e6 8. Ng3 exd5 9. cxd5 a6 10. a4 Nbd7 11. Be2 Rb8 12. O-O Ne5 13. Be3 Bd7 14.
a5 b5 15. axb6 Rxb6 16. Qc2 Qb8 17. Ra2 h5 18. h3 h4 19. Nh1 c4 20. Nf2 Nh5 21.
f4 Nd3 22. Nxd3 cxd3 23. Bxd3 Ng3 24. Rf2 Rc8 25. Bxb6 Qxb6 26. Rxa6 Qe3 27. Qd2 Qc5 28. Kh2 Bd4 29. Nd1 Bxf2 30. Nxf2 Qd4 31. Rxd6 Nf1+ 32.
Bxf1 Qxd2 0-1

[Event "*** SCC Grand Prix: Titled Tuesday Blitz"]
[Site "Chess.com"]
[Date "2020.08.11"]
[Round "4"]
[White "Alexander_Zubov"]
[Black "Azatic"]
[Result "1-0"]
[WhiteElo "2820"]
[BlackElo "2526"]
[TimeControl "180+1"]
[EndTime "10:37:59 PDT"]
[Termination "Alexander_Zubov won by resignation"]

1. d4 Nf6 2. c4 g6 3. Nc3 Bg7 4.
e4 O-O 5. Be2 d6 6. Nf3 e5 7. d5 Na6 8. Be3 Ng4 9. Bg5 f6 10.
Bh4 h5 11. Nd2 Nh6 12. f3 Nf7 13. a3 Bh6 14. Bf2 f5 15. b4 Qg5 16. g3 f4 17.
h4 Qe7 18. g4 hxg4 19. fxg4 f3 20. Bxf3 Bf4 21. g5 Bxd2+ 22. Kxd2 Bd7 23. Be3 c5 24. b5 Nc7 25. Bg4 a6 26. b6 Ne8 27.
Bxd7 Qxd7 28. h5 Nh8 29. h6 Kh7 30. Qe2 Qd8 31. Rab1 Nf7 32. Rhf1 Qe7 33. Qg4 Rd8 34. Qe6 Rd7 35. Rf2 Qd8 36. Qg4 Re7 37. a4 a5 38.
Rb5 1-0

[Event "*** SCC Grand Prix: Titled Tuesday Blitz"]
[Site "Chess.com"]
[Date "2020.08.11"]
[Round "4"]
[White "eightbyeightchess"]
[Black "Gorin_Leonid"]
[Result "0-1"]
[WhiteElo "2447"]
[BlackElo "2623"]
[TimeControl "180+1"]
[EndTime "10:37:59 PDT"]
[Termination "Gorin_Leonid won by resignation"]

1. e4 e5 2. Nf3 Nc6 3. Bb5 a6 4.
Ba4 Nf6 5. d4 exd4 6. O-O Be7 7.
Re1 O-O 8. e5 Nd5 9. Nxd4 Nb6 10.
Bb3 Nxd4 11. Qxd4 d5 12. exd6 Bf6 13. Qd3 Qxd6 14. Qxd6 cxd6 15. Be3 Bxb2 16. Nd2 Bxa1 17. Rxa1 Nd7 18. Ne4 Nc5 19. Nxc5 dxc5 20. Bxc5 Re8 21. Bd5 Be6 22. Bxb7 Rab8 23. Bxa6 Rb2 24. c4 Ra8 25. Bb5 Rbxa2 26. Rxa2 Rxa2 27. h3 Rc2 28. Be3 Bxc4 29.
Bd7 Be6 30. Bb5 Rb2 31. Bd3 Rb3 32. Be4 f6 33. g4 h5 34. gxh5 Rb4 35. Bg2 Rh4 36. h6 g5 37. Kh2 Bxh3 38. Bxh3 g4 39.
Bd4 Rxh3+ 40. Kg2 Rf3 41. Be3 Kh7 42. Bc1 Kg6 43. Bd2 f5 44. Bc1 f4 0-1

[Event "*** SCC Grand Prix: Titled Tuesday Blitz"]
[Site "Chess.com"]
[Date "2020.08.11"]
[Round "4"]
[White "jlandaw"]
[Black "dretch"]
[Result "0-1"]
[WhiteElo "2516"]
[BlackElo "2791"]
[TimeControl "180+1"]
[EndTime "10:38:01 PDT"]
[Termination "dretch won by resignation"]

1. e4 e6 2. d4 d5 3. e5 c5 4. c3 Nc6 5. Nf3 Qb6 6. Bd3 cxd4 7.
cxd4 Bd7 8. O-O Nxd4 9. Nxd4 Qxd4 10. Nc3 a6 11. Qe2 Ne7 12. Kh1 Nc6 13. f4 Bc5 14. a3 Ba7 15. Bd2 Rc8 16. Rae1 g6 17. Bb1 Qb6 18. b4 Nd4 19. Qd1 O-O 20. f5 Nb5 21. f6 Nxc3 22. Bxc3 Rxc3 23. Qd2 Re3 24.
Rc1 Bb5 25. Rf3 Qd4 26. Qf2 Rxf3 27. Qxf3 Qxe5 0-1

[Event "*** SCC Grand Prix: Titled Tuesday Blitz"]
[Site "Chess.com"]
[Date "2020.08.11"]
[Round "4"]
[White "1f3_2g41-0"]
[Black "pavelalexandru07"]
[Result "1-0"]
[WhiteElo "2419"]
[BlackElo "2201"]
[TimeControl "180+1"]
[EndTime "10:38:01 PDT"]
[Termination "1f3_2g41-0 won on time"]

1. e4 c5 2. Nf3 d6 3. d4 cxd4 4. Nxd4 Nf6 5. Nc3 a6 6. h3 e5 7.
Nde2 h5 8. g3 Be7 9. Bg2 b5 10.
Be3 Nbd7 11. O-O Bb7 12. Nd5 Bxd5 13. exd5 Rc8 14. a4 b4 15. c3 bxc3 16. Nxc3 O-O 17.
Qe2 Qa5 18. Rfd1 Nc5 19. Bxc5 Rxc5 20. Ne4 Nxe4 21. Qxe4 Rb8 22. Rab1 Rb4 23. Qf5 Qxa4 24. Qxh5 Qb5 25. Bf1 Qb7 26. Rbc1 Rxc1 27. Rxc1 Rxb2 28.
Bd3 Bf6 29. Qh7+ Kf8 30. Qh8+ Ke7 31. Rc8 1-0

[Event "*** SCC Grand Prix: Titled Tuesday Blitz"]
[Site "Chess.com"]
[Date "2020.08.11"]
[Round "4"]
[White "Shivagami"]
[Black "vovachesss"]
[Result "0-1"]
[WhiteElo "2235"]
[BlackElo "2588"]
[TimeControl "180+1"]
[EndTime "10:38:02 PDT"]
[Termination "vovachesss won by resignation"]

1. d4 Nf6 2. c4 d6 3. Nc3 Nbd7 4.
e4 e5 5. d5 Be7 6. f4 O-O 7.
f5 g6 8. g4 Kh8 9. Bh6 gxf5 10.
exf5 Rg8 11. g5 Ne8 12. h4 Nc5 13. Bh3 f6 14. Qh5 Ng7 15. Bxg7+ Rxg7 16. g6 Nd3+ 17. Kf1 Nxb2 18. Nf3 Nxc4 19. Ne4 Qe8 20. Kf2 Qa4 21. Rag1 Qc2+ 0-1

[Event "*** SCC Grand Prix: Titled Tuesday Blitz"]
[Site "Chess.com"]
[Date "2020.08.11"]
[Round "4"]
[White "BabyBoss31"]
[Black "sergivila"]
[Result "0-1"]
[WhiteElo "2214"]
[BlackElo "2427"]
[TimeControl "180+1"]
[EndTime "10:38:02 PDT"]
[Termination "sergivila won by resignation"]

1. d4 Nf6 2. c4 c5 3. d5 b5 4. Qc2 b4 5. e4 d6 6. Nf3 g6 7. Bd3 Bg7 8. O-O O-O 9. Re1 e5 10. h3 Ne8 11. a3 a5 12. axb4 cxb4 13. Bg5 f6 14. Be3 Na6 15. c5 dxc5 16. Bxc5 Nxc5 17.
Qxc5 Nd6 18. Nbd2 Rf7 19. Nc4 Bf8 20. Nxd6 Bxd6 21. Qc2 Rc7 22. Qb3 Bd7 23. Nd2 a4 24. Qd1 Rac8 25. Rxa4 Bxa4 26. Qxa4 Rc1 27. Rxc1 Rxc1+ 28.
Kh2 f5 29. exf5 e4+ 30. g3 exd3 31. fxg6 hxg6 32. Qb3 Qf6 33. Ne4 Qd4 0-1

[Event "*** SCC Grand Prix: Titled Tuesday Blitz"]
[Site "Chess.com"]
[Date "2020.08.11"]
[Round "4"]
[White "MarceloPlaya"]
[Black "jacky72"]
[Result "0-1"]
[WhiteElo "2334"]
[BlackElo "2614"]
[TimeControl "180+1"]
[EndTime "10:38:04 PDT"]
[Termination "jacky72 won on time"]

1. e4 f6 2. d4 Kf7 3. Nc3 g6 4.
Be3 e6 5. Qd2 Bg7 6. O-O-O a6 7.
h4 h5 8. f3 b5 9. g4 Bb7 10. Bd3 Ne7 11. Nce2 Nbc6 12. Ng3 Qg8 13. g5 f5 14. d5 Ne5 15. f4 Nxd3+ 16. Qxd3 fxe4 17. dxe6+ dxe6 18. Qe2 Rd8 19. Nh3 Nf5 20. Nxf5 exf5 21. a4 Bc6 22. Nf2 Rxd1+ 23. Rxd1 Qb8 24. Bd4 Rd8 25. Bxg7 Kxg7 26. Qe1 Rxd1+ 27. Nxd1 b4 28. Qd2 Kh7 29. Qd4 b3 30. Qf6 Qe8 31. Ne3 bxc2 32.
Nxf5 gxf5 33. Qh6+ Kg8 34. g6 Qd7 35. Kxc2 Bxa4+ 36.
Kc3 a5 0-1

[Event "*** SCC Grand Prix: Titled Tuesday Blitz"]
[Site "Chess.com"]
[Date "2020.08.11"]
[Round "4"]
[White "Rud_Makarian"]
[Black "SzMM19"]
[Result "1-0"]
[WhiteElo "2677"]
[BlackElo "2480"]
[TimeControl "180+1"]
[EndTime "10:38:07 PDT"]
[Termination "Rud_Makarian won by resignation"]

1. d4 Nf6 2. c4 e6 3. Nf3 b6 4. g3 Bb7 5. Bg2 Be7 6. O-O O-O 7. Re1 Na6 8. a3 Qc8 9. b4 c5 10. dxc5 bxc5 11. b5 Nc7 12. Bb2 d5 13. a4 Rd8 14. Qc1 d4 15. e3 d3 16. Nbd2 Ne4 17.
Ra3 Nxd2 18. Qxd2 Be4 19. Ne5 Bxg2 20. Kxg2 Bf6 21. Rxd3 Qb7+ 22. f3 Rxd3 23. Qxd3 Rd8 24. Qc2 Ne8 25. Rd1 Qb6 26. Rxd8 Qxd8 27. Nc6 Qd7 28.
Bxf6 Nxf6 29. a5 h6 30. a6 Ne8 31. Kf2 g6 32. Ke2 h5 33. Qd3 Qc7 34. Qd8 Qxd8 35. Nxd8 Nd6 36. b6 1-0

[Event "*** SCC Grand Prix: Titled Tuesday Blitz"]
[Site "Chess.com"]
[Date "2020.08.11"]
[Round "4"]
[White "ENEASZ"]
[Black "martynkovaelena"]
[Result "1-0"]
[WhiteElo "2588"]
[BlackElo "2246"]
[TimeControl "180+1"]
[EndTime "10:38:07 PDT"]
[Termination "ENEASZ won by resignation"]

1. e4 c5 2. c3 d5 3. exd5 Qxd5 4. d4 Nc6 5. Nf3 Bg4 6. Be2 cxd4 7. cxd4 e6 8. O-O Nf6 9. Nc3 Qa5 10. h3 Bh5 11.
Qb3 Qb6 12. Qxb6 axb6 13. Be3 Be7 14. Rfd1 O-O 15. d5 exd5 16. Nxd5 Nxd5 17. Rxd5 Bxf3 18. Bxf3 Bf6 19. Rb5 Ra4 20. Rxb6 Nb4 21. Rxb7 Nc2 22. Bd1 Rc4 23. Bxc2 Rxc2 24. Rb1 Ra8 25. a3 g6 26.
g4 Bh4 27. Kg2 Re8 28. Kf3 Kg7 29. Rd1 Re6 30. Rb6 Rxb6 31. Bxb6 Bf6 32. Rb1 Rxb2 33. Rxb2 Bxb2 34. a4 1-0

[Event "*** SCC Grand Prix: Titled Tuesday Blitz"]
[Site "Chess.com"]
[Date "2020.08.11"]
[Round "4"]
[White "MYMChessAcademy"]
[Black "lider34"]
[Result "0-1"]
[WhiteElo "2139"]
[BlackElo "2392"]
[TimeControl "180+1"]
[EndTime "10:38:07 PDT"]
[Termination "lider34 won by checkmate"]

1. e4 c6 2. d4 d5 3. e5 Bf5 4.
h4 h6 5. g4 Bd7 6. h5 e6 7. f4 c5 8. c3 Nc6 9. Nf3 Qb6 10. Qe2 cxd4 11. cxd4 Nxd4 12. Nxd4 Qxd4 13. Be3 Qb4+ 14. Nc3 Bc5 15. Bxc5 Qxc5 16. Rd1 Ne7 17. Rc1 d4 18. Ne4 Qxc1+ 19. Kf2 Qxf4+ 20. Kg2 Bc6 21. Qf2 Bxe4+ 22. Kg1 Qxf2+ 23. Kxf2 Bxh1 24. Bg2 Bxg2 25. Kxg2 Nc6 26. Kg3 Nxe5 27. Kf2 d3 28. Ke1 Rd8 29.
Kd2 Nf3+ 30. Ke3 d2 31. Kxf3 d1=Q+ 32. Kf4 Rd4+ 33. Kg3 Qxg4+ 34. Kf2 Re4 35. Kf1 Re2 36. b3 Qg2# 0-1

[Event "*** SCC Grand Prix: Titled Tuesday Blitz"]
[Site "Chess.com"]
[Date "2020.08.11"]
[Round "4"]
[White "Maksimus1998"]
[Black "GM_Levan_Pantsulaia"]
[Result "0-1"]
[WhiteElo "2517"]
[BlackElo "2798"]
[TimeControl "180+1"]
[EndTime "10:38:08 PDT"]
[Termination "GM_Levan_Pantsulaia won by resignation"]

1. e4 c5 2. Nf3 e6 3. g3 Nc6 4.
Bg2 Nf6 5. Qe2 d6 6. O-O Be7 7. Rd1 O-O 8. d4 cxd4 9. Nxd4 Qc7 10. Nc3 a6 11. Be3 Ne5 12. f4 Nc4 13. Bc1 Bd7 14. b3 Na5 15. Bb2 Rfd8 16. Rac1 Rac8 17. g4 g6 18. f5 Bf8 19. fxe6 fxe6 20. Rf1 Bg7 21.
Rcd1 Nc6 22. Nxc6 Bxc6 23. h4 Rf8 24. Bh3 Qe7 25. Qd3 Nd7 26. Qxd6 Qxh4 27. Qxe6+ Kh8 28. Rxf8+ Rxf8 29. Rxd7 Bxd7 30. Qxd7 Qxh3 0-1

[Event "*** SCC Grand Prix: Titled Tuesday Blitz"]
[Site "Chess.com"]
[Date "2020.08.11"]
[Round "4"]
[White "r31415"]
[Black "PauloCesarCosta_sad"]
[Result "0-1"]
[WhiteElo "2430"]
[BlackElo "2261"]
[TimeControl "180+1"]
[EndTime "10:38:08 PDT"]
[Termination "PauloCesarCosta_sad won by resignation"]

1. d4 e6 2. e4 d5 3. Nc3 Nf6 4. e5 Nfd7 5. f4 c5 6. Nf3 Nc6 7. Be3 cxd4 8. Nxd4 Bc5 9. Qd2 a6 10. O-O-O O-O 11. Nb3 Bb4 12. Bd3 b5 13. Kb1 Na5 14. Bd4 Nxb3 15. cxb3 Bb7 16. Qe3 Rc8 17. g4 Bc5 18. Ne2 Qh4 19. g5 Rfd8 20. Rc1 Bxd4 21.
Nxd4 Rxc1+ 22. Qxc1 Rc8 23. Qe3 Nc5 24. Nf3 d4 25. Nxh4 dxe3 26. Rd1 Nxd3 27. f5 exf5 0-1

[Event "*** SCC Grand Prix: Titled Tuesday Blitz"]
[Site "Chess.com"]
[Date "2020.08.11"]
[Round "4"]
[White "Rainmond"]
[Black "Thipsay"]
[Result "1-0"]
[WhiteElo "2683"]
[BlackElo "2488"]
[TimeControl "180+1"]
[EndTime "10:38:10 PDT"]
[Termination "Rainmond won on time"]

1. e4 e5 2. Nf3 Nc6 3. Bc4 Nf6 4. d3 Be7 5. Nbd2 O-O 6. c3 d5 7. exd5 Nxd5 8. Ne4 a6 9. O-O b5 10. Bb3 Bg4 11. h3 Bh5 12. Ng3 Bg6 13. Re1 Bf6 14. Be3 Nf4 15. Bxf4 exf4 16. Ne4 Be7 17. d4 Kh8 18. Bc2 f5 19. Ned2 Bh5 20. Re6 Bd6 21. Qf1 Qd7 22. Rae1 Rae8 23. Bb3 Rxe6 24. Bxe6 Qd8 25.
Qd3 Qf6 26. Bd5 Ne7 27. Re6 Nxd5 28. Rxf6 Rxf6 29. Ne5 Be8 30. Ndf3 h6 31. h4 Kg8 32. b3 Kf8 33. c4 bxc4 34. bxc4 Nb4 35. Qd2 Nc6 36. c5 Be7 37. Qxf4 1-0

[Event "*** SCC Grand Prix: Titled Tuesday Blitz"]
[Site "Chess.com"]
[Date "2020.08.11"]
[Round "4"]
[White "killer311"]
[Black "Nikolaj_6"]
[Result "1/2-1/2"]
[WhiteElo "2448"]
[BlackElo "2613"]
[TimeControl "180+1"]
[EndTime "10:38:10 PDT"]
[Termination "Game drawn by repetition"]

1. d4 Nf6 2. c4 c5 3. d5 e6 4. Nc3 exd5 5. cxd5 d6 6. g3 g6 7. Bg2 Bg7 8. Nf3 O-O 9. O-O Re8 10. Re1 a6 11. a4 Nbd7 12. e4 Ng4 13. Nd2 Nge5 14.
Qc2 c4 15. Bf1 Nc5 16. Bxc4 Nxc4 17. Nxc4 Bg4 18. Bf4 Bf8 19. b4 Nd7 20. Nxd6 Bxd6 21. Bxd6 Rc8 22. Qd2 Qf6 23. e5 Nxe5 24. Bxe5 Rxe5 25.
Rxe5 Qxe5 26. Rc1 Bf3 27. d6 Qf5 28. Qe3 Rd8 29. Ne2 Rxd6 30. Nd4 Rxd4 31. Qxd4 Qh3 32.
Qd8+ Kg7 33. Qd4+ Kg8 34. Qd8+ Kg7 35. Qd4+ Kg8 1/2-1/2

[Event "*** SCC Grand Prix: Titled Tuesday Blitz"]
[Site "Chess.com"]
[Date "2020.08.11"]
[Round "4"]
[White "TudorAnton"]
[Black "LuisFSiles"]
[Result "1-0"]
[WhiteElo "2556"]
[BlackElo "2314"]
[TimeControl "180+1"]
[EndTime "10:38:12 PDT"]
[Termination "TudorAnton won on time"]

1. Nf3 Nf6 2. g3 g6 3. Bg2 Bg7 4. O-O O-O 5. d4 d6 6. c4 c6 7. Nc3 Qa5 8. h3 e5 9. e4 Nbd7 10. Re1 a6 11. Rb1 Re8 12. b4 Qc7 13. c5 exd4 14.
cxd6 Qxd6 15. Bf4 Qxf4 16. gxf4 dxc3 17. Qc2 Nb6 18. Ne5 Nh5 19. Qxc3 Nxf4 20. Qe3 Bxe5 21. Qxb6 Nxh3+ 22. Bxh3 Bxh3 23. Qxb7 Bf4 24. Qxc6 Rab8 25.
e5 g5 26. Rb3 Re6 27. Qc7 1-0